 Dungeon Crawl Stone Soup version 0.30.1-1-g62c8e00024 (webtiles) character file.

Game seed: 11331776611463967422

50 Peloso the Shield-Bearer (level 3, -12/33 HPs)
             Began as a Minotaur Fighter on July 17, 2023.
             Mangled by an ogre
             ... wielding a +0 giant spiked club
              (16 damage)
             ... on level 4 of the Dungeon.
             The game lasted 00:03:54 (2085 turns).

Peloso the Shield-Bearer (Minotaur Fighter)         Turns: 2085, Time: 00:03:55

Health: -12/33     AC: 13    Str: 20    XL:     3   Next: 55%
Magic:  2/2        EV:  5    Int:  5    God:
Gold:   118        SH:  4    Dex: 11    Spells: 2/2 levels left

rFire   . . .        a - +0 long sword
rCold   . . .        d - +0 buckler
rNeg    . . .        v - +0 plate armour
rPois   .            (helmet restricted)
rElec   .            (no cloak)
rCorr   .            p - +0 pair of gloves
SInv    .            (no boots)
Will    .....        (no amulet) Stlth
                     (no ring)
HPRegen 0.25/turn    (no ring)
MPRegen 0.08/turn

%: no passive effects
@: mighty
A: horns 2, retaliatory headbutt
a: no special abilities


You were on level 4 of the Dungeon.
You visited 1 branch of the dungeon, and saw 4 of its levels.

You collected 118 gold pieces.

Inventory:

Hand Weapons
 a - a +0 long sword (weapon)
Missiles
 z - a throwing net (quivered)
Armour
 b - a +0 scale mail
 c - a +0 chain mail
 d - a +0 buckler (worn)
 p - a +0 pair of gloves (worn)
 v - a +0 plate armour (worn)
Scrolls
 f - a scroll of blinking
 j - a scroll of fear
 m - a scroll of immolation {unknown}
 q - 2 scrolls of poison {unknown}
 r - a scroll of teleportation {unknown}
 w - a scroll of magic mapping {unknown}
 x - a scroll of enchant armour {unknown}
 y - a scroll of enchant weapon {unknown}
 A - a scroll of butterflies {unknown}
Potions
 e - a potion of mutation
 k - 2 potions of curing
 n - 2 potions of ambrosia {unknown}
 o - 2 potions of berserk rage {unknown}
 s - 2 potions of haste {unknown}
 t - 2 potions of flight {unknown}
 u - 2 potions of degeneration {unknown}


   Skills:
 + Level 4.1 Fighting
 + Level 3.2 Long Blades
 + Level 4.2 Armour
 + Level 4.2 Shields


You had 2 spell levels left.
You didn't know any spells.
Your spell library contained the following spells:

 Spells                   Type           Power      Damage    Failure   Level
 Volatile Blastmotes      Fire/Tloc      0%         2d10      100%        3
 Fulminant Prism          Conj/Hex       0%         3d5       100%        4
 Iskenderun's Mystic Bla  Conj/Tloc      0%         2d3       100%        4
 Lee's Rapid Deconstruct  Erth           0%         3d4*      100%        5


Dungeon Overview and Level Annotations

Branches:
Dungeon (4/15)
 Temple: D:4-7

Altars:
Okawaru

Shops:
D:1 [


Innate Abilities, Weirdness & Mutations

You have a pair of horns on your head.
You reflexively headbutt those who attack you in melee.


Message History

You kill the giant cockroach!
Found a stone staircase leading up.
There is a stone staircase leading up here.
Found a dagger.
Found 3 poisoned darts.
You now have 118 gold pieces (gained 18).
A quokka comes into view.
A quokka is nearby!
A quokka is nearby!
Found a dagger.
The quokka bites you.
You hit the quokka but do no damage. Your headbutt misses the quokka.
The quokka bites you but does no damage.
You barely miss the quokka. You headbutt the quokka.
You kill the quokka!
You see here a quokka corpse.
HP restored.
An orc comes into view. It is wielding a +0 flail.
Found 12 gold pieces.
The orc shouts!
An orc is nearby!
An orc is nearby!
An ogre comes into view. It is wielding a +0 giant spiked club.
The ogre shouts!
You block the orc's attack.
You hit the orc but do no damage. The orc barely misses you.
You barely miss the orc. The orc hits you but does no damage.
You closely miss the orc. You block the orc's attack.
The orc hits you with a +0 flail.
You slash the orc!
You kill the orc!
You feel very mighty all of a sudden.
The ogre hits you with a +0 giant spiked club!
You slice the ogre!! Your headbutt misses the ogre.
The ogre is severely wounded.
The ogre hits you with a +0 giant spiked club!
* * * LOW HITPOINT WARNING * * *
You closely miss the ogre.
The ogre is severely wounded.
The ogre hits you with a +0 giant spiked club!
You die...

.........#......#....#
.#..............#....#
.....#<#........#.$..#
#.#..#.#........#....#
#.#..#.#..#######....##
#...............+.....+
..#...##..#.#####))..#
#.#.#....##.#####O...#
#.#.###...#.##..@..###
#.#.# ##.)..##.###.#
..# #.#...†..# .# ###
#........# .#
####.###.# .# #.# #.#
.# #.# #.# .# #.# #.#
#.. #.#


You could see an ogre.

Vanquished Creatures
  2 dart slugs
  An orc (D:4)
  A bat (D:2)
  5 endoplasms
  2 giant cockroaches
  5 goblins
  2 hobgoblins
  2 jackals (D:2)
  3 quokkas
  6 ball pythons
  5 kobolds (D:1)
  7 rats
41 creatures vanquished.

Notes
Turn   | Place    | Note
-------+----------+-------------------------------------------
     0 | D:1      | Peloso the Minotaur Fighter began the quest for the Orb.
     0 | D:1      | Reached XP level 1. HP: 19/19 MP: 0/0
   138 | D:1      | Reached XP level 2. HP: 27/27 MP: 1/1
   450 | D:1      | Found Piref's Armour Shoppe.
  1057 | D:2      | Reached XP level 3. HP: 33/33 MP: 2/2
  1261 | D:3      | Found an iron altar of Okawaru.
  2077 | D:4      | Noticed an ogre
  2085 | D:4      | Mangled by an ogre

Illustrated notes

Levels and vault maps discovered:
D:1:      evilmike_arrival_fibonacci_small, layout_rooms, serial_shops, shop
D:2:      layout_loops_ring, kennysheep_pointless_box
D:3:      layout_basic, general_overflow_altar, nicolae_elevator_lobby_asterisk
D:4:      layout_basic, minmay_temple_entry_purple_smoke, uniq_sigmund

Skill      XL: |  1  2  3 |
---------------+----------+-----
Armour         | 4 |  4.2
Shields        | 4 |  4.2
Fighting       | 4 |  4.1
Long Blades    | 3 |  3.2

Action                     || total
---------------------------++-------
  Melee: Long sword        ||    86
         Headbutt          ||    18
    Use: Scroll            ||     6
         Potion            ||     1
 Armour: Chain mail        ||    19
         Scale mail        ||     2
         Plate armour      ||    24
  Dodge: Dodged            ||    21
  Block: Buckler           ||    16
